 Dungeon Crawl Stone Soup version 0.17-a0-1510-gb3fb22e (webtiles) character file.

91 Fluffy the Slasher (level 4, 0/35 HPs)
             Began as a Demonspawn Gladiator on July 11, 2015.
             Slain by Crazy Yiuf
             ... wielding a +3 quarterstaff of chaos
              (17 damage)
             ... on level 2 of the Dungeon.
             The game lasted 00:02:44 (1949 turns).

Fluffy the Slasher (Demonspawn Gladiator)           Turns: 1949, Time: 00:02:45

Health: 0/35       AC:  6    Str: 16    XL:     4   Next: 33%
Magic:  4/4        EV: 14    Int: 10    God:
Gold:   33         SH:  0    Dex: 13    Spells: 0 memorised, 3 levels left

rFire  . . .     SeeInvis .     a - +0 long sword
rCold  . . .     Clarity  .     o - +0 ring mail
rNeg   . . .     SustAt   .     (no shield)
rPois  .         Gourm    .     c - +0 helmet
rElec  .         Spirit   .     (no cloak)
rCorr  .         Warding  .     (no gloves)
rMut   .         Stasis   .     (no boots)
MR     .....                    (no amulet)
Stlth  ++........               (no ring)
                                n - ring of stealth

@: not resistant to hostile enchantments, unstealthy
A: repulsion field 1, spiny 1
a: no special abilities


You were on level 2 of the Dungeon.
You were not hungry.

You visited 1 branch of the dungeon, and saw 2 of its levels.

You collected 33 gold pieces.

Inventory:

Hand weapons
 a - a +0 long sword (weapon)
Missiles
 d - 3 throwing nets (quivered)
Armour
 c - a +0 helmet (worn)
 o - a +0 ring mail (worn)
Jewellery
 n - a ring of stealth (left hand)
Scrolls
 b - a scroll of enchant weapon {unknown}
 h - 2 scrolls of amnesia {unknown}
 i - a scroll of blinking {unknown}
 k - 2 scrolls of noise {unknown}
 l - 5 scrolls of identify {unknown}
 m - a scroll of recharging {unknown}
Potions
 f - a potion of flight {unknown}
 j - a potion of brilliance {unknown}
 q - a potion of lignification {unknown}
 r - a potion of curing {unknown}
Comestibles
 e - 2 bread rations
 g - 4 fruits
 p - a beef jerky
 s - a meat ration


   Skills:
 + Level 3.0 Fighting
 + Level 3.3 Long Blades
 - Level 1.7 Throwing
 + Level 1.7 Armour
 + Level 3.1 Dodging


You had 3 spell levels left.
You didn't know any spells.

Dungeon Overview and Level Annotations

Branches:
Dungeon (2/15)

Altars:
Gozag
Nemelex Xobeh

Annotations:
D:2 Crazy Yiuf


Innate Abilities, Weirdness & Mutations

You are surrounded by a mild repulsion field (EV +2).
You are partially covered in sharp spines.


Message History

You destroy the fungus!
Found a hammer.
Crazy Yiuf the Enlightened comes into view.
He is wielding a quarterstaff of chaos.
You hit Crazy Yiuf.
Crazy Yiuf is lightly wounded.
Crazy Yiuf is struck by your spines.
Crazy Yiuf hits you with a quarterstaff of chaos!
Crazy Yiuf draws strength from your injuries!
You hit Crazy Yiuf but do no damage.
Crazy Yiuf is lightly wounded.
Crazy Yiuf is struck by your spines.
Crazy Yiuf hits you with a quarterstaff of chaos.
You hit Crazy Yiuf.
Crazy Yiuf is heavily wounded.
Crazy Yiuf closely misses you.
You hit Crazy Yiuf but do no damage.
Crazy Yiuf is heavily wounded.
Crazy Yiuf hits you with a quarterstaff of chaos.
You are electrocuted!
You die...

.....####.##.#####.##...##
######....##.#####.###.##
###.#####.....#.# #># #
#....# ######### ### #
#.#.## ####.#.#
.....#.##### ###
..........P# ###..)#
#####.....P#####@g...# .#
#......P.#..##...# .##
#..#..P.#.### ###
..###<.######## .(......#
.######## ### .# #.# .#
#.# .# #.#


You could see Crazy Yiuf.

Vanquished Creatures
  Jessica (D:2)
  2 adders (D:2)
  An ooze (D:1)
  7 bats
  4 giant cockroaches
  3 goblins
  6 hobgoblins
  A quokka (D:2)
  2 giant newts (D:1)
  7 kobolds
  5 rats
  A fungus (D:2)
40 creatures vanquished.

Notes
Turn   | Place    | Note
--------------------------------------------------------------
     0 | D:1      | Fluffy the Demonspawn Gladiator began the quest for the Orb.
     0 | D:1      | Reached XP level 1. HP: 16/16 MP: 1/1
   178 | D:1      | Gained mutation: You are surrounded by a mild repulsion field (EV +2). [demonic ancestry]
   178 | D:1      | Reached XP level 2. HP: 13/22 MP: 2/2
   352 | D:1      | Reached skill level 1 in Armour
   814 | D:1      | Reached skill level 3 in Long Blades
   987 | D:2      | Noticed Jessica
   999 | D:2      | Killed Jessica
   999 | D:2      | Reached XP level 3. HP: 8/28 MP: 3/3
  1260 | D:2      | Gained mutation: You are partially covered in sharp spines. [demonic ancestry]
  1260 | D:2      | Reached XP level 4. HP: 24/34 MP: 4/4
  1433 | D:2      | Found a sparkling altar of Nemelex Xobeh.
  1434 | D:2      | Found an opulent altar of Gozag.
  1943 | D:2      | Noticed Crazy Yiuf
  1949 | D:2      | Slain by Crazy Yiuf

Vault maps used:
D:1:      lightli_arrival_statue_moat, minmay_fountain_box, st_stairs_4,
          hangedman_abyss_or_decor_stabs, lemuel_flame_loot_1
D:2:      grunt_temple_overflow_opulence, serial_glass, glass_columns_a,
          glass_columns_a, uniq_crazy_yiuf_cottage, uniq_jessica

Action                   |  1- 3 |  4- 6 || total
-------------------------+-------+-------++-------
Melee: Long sword        |    98 |    35 ||   133
 Stab: Sleeping          |     1 |     5 ||     6
  Eat: Chunk             |     1 |     2 ||     3
